 Dungeon Crawl Stone Soup version 0.31-a0-1529-g7bd419a0e5 (webtiles) character file.

Game seed: 554311662149285340

284 olourkin the Chopper (level 6, -1/48 HPs)
             Began as a Vine Stalker Berserker on Dec 31, 2023.
             Was a Believer of Trog.
             Slain by a cacodemon (8 damage)
             ... on level 2 of the Abyss.
             The game lasted 00:12:32 (3311 turns).

olourkin the Chopper (Vine Stalker Berserker)       Turns: 3311, Time: 00:12:32

Health: -1/48      AC:  9    Str: 21    XL:     6   Next: 29%
Magic:  0/7        EV:  8    Int:  7    God:    Trog [**....]
Gold:   197        SH:  0    Dex: 14    Spells: 5/5 levels left

rFire   . . .        s - +0 war axe (venom)
rCold   . . .        (no shield)
rNeg    . . .        c - +0 chain mail
rPois   .            n - +0 helmet
rElec   .            (no cloak)
rCorr   .            (no gloves)
SInv    .            (no boots)
Will    .....        (no amulet) Stlth
                     (no ring)
HPRegen 1.08/turn    (no ring)
MPRegen 0.10/turn

%: guardian spirit
@: berserking (expiring), weak-willed, very quick
A: fangs 2, regeneration 1, magic shield, antimagic bite, no potion heal 2
a: Renounce Religion, Berserk, Trog's Hand


You were on level 2 of the Abyss.
You worshipped Trog.
Trog was pleased with you.
You visited 1 branch of the dungeon, and saw 4 of its levels.
You visited the Abyss 1 time.

You collected 197 gold pieces.

Inventory:

Hand Weapons
 a - a +0 hand axe
 m - a +1 hand axe of distortion
 s - a +0 war axe of venom (weapon)
Missiles
 o - 41 stones (quivered)
 u - 3 atropa-tipped darts
Armour
 b - a +0 animal skin
 c - a +0 chain mail (worn)
 h - a +0 kite shield
 n - a +0 helmet (worn)
Wands
 r - a wand of flame (18)
Scrolls
 d - a scroll of enchant armour {unknown}
 f - 5 scrolls of identify {unknown}
 i - a scroll of poison {unknown}
 j - a scroll of teleportation {unknown}
 k - a scroll of amnesia {unknown}
 l - 2 scrolls of fog {unknown}
 t - a scroll of fear {unknown}
Potions
 e - a potion of mutation {unknown}
 g - 4 potions of curing {unknown}
 p - a potion of attraction {unknown}
 q - 2 potions of enlightenment {unknown}


   Skills:
 - Level 2.6 Fighting
 + Level 6.2 Axes
 - Level 1.5 Armour
 - Level 1.5 Dodging


You had 5 spell levels left.
You didn't know any spells.
Your spell library was empty.

Dungeon Overview and Level Annotations

Branches:
Dungeon (4/15)
 Temple: D:4-7

Altars:
Dithmenos
Okawaru
Vehumet
Wu Jian
Xom
The Shining One

Annotations:
D:2 Sigmund
Abyss:1 Ijyb


Innate Abilities, Weirdness & Mutations

You have extremely sharp teeth.
Your natural rate of healing is unusually fast.
When hurt, damage is shared between your health and your magic reserves.
Your bite disrupts and absorbs the magic of your enemies.
Potions cannot restore your health.


Message History

The cacodemon hits you!
* * * LOW HITPOINT WARNING * * *
The cacodemon hits you but does no damage.
You closely miss the cacodemon. You punch the cacodemon.
You bite the cacodemon.
The cacodemon's magic leaks into the air.
You drain its magic.
You feel invigorated.
The cacodemon is moderately wounded.
The cacodemon gestures at you. The bolt of devastation hits you.
Your willpower is stripped away!
* * * LOW HITPOINT WARNING * * *
You barely miss the cacodemon.
The cacodemon is moderately wounded.
You slash the cacodemon!
The cacodemon is heavily wounded.
The cacodemon hits you!
* * * LOW HITPOINT WARNING * * *
The cacodemon hits you but does no damage.
You closely miss the cacodemon. You bite the cacodemon!
The cacodemon's magic leaks into the air.
You drain its magic.
You feel invigorated.
The cacodemon is heavily wounded.
The cacodemon falters for a moment.
You slash the cacodemon! Your bite misses the cacodemon.
The cacodemon is severely wounded.
The cacodemon closely misses you. The cacodemon hits you!
* * * LOW HITPOINT WARNING * * *
You are too berserk!
You closely miss the cacodemon. Your bite misses the cacodemon.
The cacodemon is severely wounded.
You hit the wraith. The wraith hits you.
The cacodemon falters for a moment.
You slash the cacodemon! Your bite misses the cacodemon.
The cacodemon is almost dead.
You slash the wraith! You hit the cacodemon.
You bite the cacodemon, but do no damage.
The cacodemon is almost dead.
You completely miss the wraith. The wraith barely misses you.
The cacodemon closely misses you. The cacodemon hits you!
You die...

.# # #. #. .#
# #.. # .. .#
#.# .##.# ...
..##.#.#....
#. #.#.....#
#...#W.....#
#...2@...#
....#####.#.#
. ...# #.# #


You could see a cacodemon (very poisoned, magic disrupted) and a wraith.

Vanquished Creatures
  Jessica (D:3)
  Terence (D:3)
  Natasha (thrice) (D:2)
  A gnoll (D:3)
  4 adders
  A dart slug (D:1)
  2 ribbon worms (D:3)
  11 orcs (D:3)
  A bat (D:2)
  3 endoplasms
  3 giant cockroaches
  6 goblins
  4 hobgoblins
  6 jackals
  3 kobolds
  3 quokkas (D:2)
  8 ball pythons
  4 frilled lizards
  2 rats
67 creatures vanquished.

Notes
Turn   | Place    | Note
-------+----------+-------------------------------------------
     0 | D:1      | olourkin the Vine Stalker Berserker began the quest for the
                  | Orb.
     0 | D:1      | Reached XP level 1. HP: 11/11 MP: 2/2
   159 | D:1      | Reached skill level 3 in Axes
   223 | D:1      | Reached XP level 2. HP: 14/16 MP: 3/3
   788 | D:2      | Noticed Natasha
   795 | D:2      | Killed Natasha
   796 | D:2      | Reached skill level 4 in Axes
   796 | D:2      | Reached XP level 3. HP: 19/19 MP: 4/4
   869 | D:2      | Reached XP level 4. HP: 23/23 MP: 5/5
  1074 | D:2      | Noticed Natasha
  1083 | D:2      | Killed Natasha
  1124 | D:2      | Reached skill level 5 in Axes
  1278 | D:2      | Noticed Sigmund
  1509 | D:2      | Noticed Natasha
  1627 | D:2      | Killed Natasha
  1628 | D:2      | Reached XP level 5. HP: 27/27 MP: 6/6
  2183 | D:3      | Found a shadowy altar of Dithmenos.
  2192 | D:3      | Found a shimmering altar of Xom.
  2200 | D:3      | Reached ** piety under Trog
  2408 | D:3      | Noticed Jessica
  2431 | D:3      | Killed Jessica
  2463 | D:3      | Noticed Terence
  2479 | D:3      | Killed Terence
  2480 | D:3      | Reached XP level 6. HP: 28/32 MP: 5/7
  2540 | D:3      | Found a glowing golden altar of the Shining One.
  2933 | D:3      | Reached skill level 6 in Axes
  2957 | D:3      | Found an iron altar of Okawaru.
  3042 | D:3      | Found a radiant altar of Vehumet.
  3042 | D:3      | Found an ornate altar of the Wu Jian Council.
  3114 | D:4      | Noticed Ijyb
  3258 | D:3      | Banished Ijyb
  3273 | Abyss:2  | Cast into level 2 of the Abyss (unwielding a weapon of
                  | distortion)
  3298 | Abyss:2  | Noticed a cacodemon
  3301 | Abyss:2  | Noticed a wraith
  3311 | Abyss:2  | Slain by a cacodemon

Illustrated notes

Levels and vault maps discovered:
D:1:      lightli_arrival_windingriver, layout_basic, minmay_small_reverse_x
D:2:      layout_loops_ring, uniq_natasha, uniq_sigmund
D:3:      layout_loops_corners, gammafunk_temple_overflow_pools,
          mainiacjoe_overflow_alcove_4, okawaru_altar_gauntlet_db,
          chequers_temple_overflow_statue_of_worship, roderic_roman_lattice,
          uniq_jessica, uniq_terence
D:4:      layout_rooms, mainiacjoe_overflow_small_starburst,
          minmay_temple_entry_hall, nrook_loot_triangle, uniq_menkaure,
          uniq_ijyb
Abyss:2:  base: D:3, hangedman_abyss_or_decor_jellyfish_corner

Skill      XL: |  1  2  3  4  5  6 |
---------------+-------------------+-----
Axes           | 3 4 5 6 |  6.2
Fighting       | |  2.6
Armour         | |  1.5
Dodging        | |  1.5

Action                     |  1- 3 |  4- 6 || total
---------------------------+-------+-------++-------
  Melee: Hand axe          |    53 |   105 ||   158
         Bite              |    11 |    26 ||    37
         Punch             |     1 |     1 ||     2
         War axe           |       |    11 ||    11
  Throw: Stone             |       |     2 ||     2
 Invoke: Berserk           |       |     1 ||     1
 Armour: Chain mail        |    30 |    68 ||    98
  Dodge: Dodged            |    19 |    35 ||    54

Table legend: (Time is in decaauts)
 A = Elapsed time spent in this place.
 B = Non-inter-level travel time spent in this place.
 C = Inter-level travel time spent in this place.
 D = Time resting spent in this place.
 E = Time spent auto-exploring this place.
 F = Levels seen in this place.
 G = Mean time per level.
                   A        B        C        D        E       F      G
               +--------+--------+--------+--------+--------+-----+--------+
         Total |   3338 |   3159 |    179 |    558 |   1896 |   5 |  667.6 |
       Dungeon |   3303 |   3124 |    179 |    558 |   1896 |   4 |  825.8 |
         Abyss |     35 |     35 |      0 |      0 |      0 |   1 |   35.0 |
               +--------+--------+--------+--------+--------+-----+--------+

Top non-repeatable levels by time:
     D:3: 1622 daAuts
     D:1: 1053 daAuts
     D:2: 608 daAuts
 Abyss:2: 35 daAuts
     D:4: 18 daAuts
